Wolfpack vs Bears

Created - November 13, 2023 at 20:19

Goals
1 2 3 OT1 SO T
Wolfpack 0 3 1 0 0 4
Bears 1 2 1 0 1 5
Shots
1 2 3 OT1 SO T
Wolfpack 7 12 12 1 3 32
Bears 7 9 18 0 3 34

1st period

1. Bears , Joshua Leivo 7 (Christian Dvorak 5, Kerby Rychel 14) at 0:43

Penalties :
Dryden Hunt (Har) for Tripping (Minor) at 7:19

2nd period

2. Wolfpack , Samuel Blais 13 (Sebastian Collberg 5, K'Andre Miller 2) at 2:36
3. Wolfpack , Sebastian Collberg 4 (Casey Mittelstadt 6) at 5:12
4. Wolfpack , Linus Sandin 2 (Dryden Hunt 4, Colton White 6) at 10:51
5. Bears , Nicolas Aube-Kubel 9 (Kerby Rychel 15) at 11:19
6. Bears , Christian Dvorak 5 (A.J. Jenks 12, Joshua Leivo 5) at 12:19

Penalties :
A.J. Jenks (Her) for Cross-checking (Minor) at 5:34, A.J. Jenks (Her) for Roughing (Double Minor) at 14:44, Owen Tippet (Har) for Slashing (Minor) at 18:57

3rd period

7. Bears , Kerby Rychel 9 (Gianluca Curcuruto 6, Sam Carrick 12) at 6:51
8. Wolfpack , Samuel Blais 14 (Sebastian Collberg 6) at 9:40 (PP)

Penalties :
Jake Allen (Her) for Slashing (Minor) at 8:10 - Jacob Bryson served the penalty

Overtime #1

No Goal

Penalties :
No Penalty

Shootout

Wolfpack, David Pope - Stopped by Jake Allen
Bears, Joshua Leivo - Stopped by Ivan Fedotov
Wolfpack, Samuel Blais - Shot Misses the Net
Bears, Nicolas Aube-Kubel - Shot Misses the Net
Wolfpack, Sebastian Collberg - Stopped by Jake Allen
Bears, Kerby Rychel - Goal!

Penalties :
No Penalty

Goalie Stats

Ivan Fedotov (Har), 30 saves from 34 shots - (0.882), OTL, 2-6-3, 65:00 minutes
Jake Allen (Her), 28 saves from 32 shots - (0.875), W, 9-4-0, 65:00 minutes

Players Stats for Wolfpack

Player Name              G  A  P  +/- PIM S  H  SB GA TA FO     MP     PP MP  PK MP  
------------------------------------------------------------------------------------
Alex Barre-Boulet        0  0  0   0  0   1  2  0  0  0  3/7    12:01   0:00   0:00 
Alexander Barabanov      0  0  0   0  0   0  2  0  0  0  0/0    14:20   0:26   0:15 
Casey Mittelstadt        0  1  1   1  0   1  4  1  0  0  22/43  24:41   3:44   2:30 
Colton White             0  1  1   1  0   3  1  0  1  0  0/0    22:03   3:07   1:15 
Connor Chatam            0  0  0  -3  0   1  2  1  0  1  0/0    18:04   3:24   0:00 
David Pope               0  0  0  -3  0   3  3  0  0  1  3/3    20:46   3:24   2:37 
Dryden Hunt              0  1  1   1  2   2  0  0  1  1  0/0     7:26   0:20   0:00 
Jake Marchment           0  0  0   1  0   0  1  0  0  0  2/2     6:13   0:00   0:05 
Joshua Jacobs            0  0  0   0  0   1  1  1  0  0  0/0    11:33   0:42   0:00 
K'Andre Miller           0  1  1   1  0   1  0  2  0  0  0/0    20:15   2:34   1:15 
Linus Sandin             1  0  1   1  0   1  0  0  0  0  0/0     6:08   0:00   0:00 
Nolan Patrick            0  0  0  -3  0   1  4  2  1  0  9/12   18:04   3:24   1:23 
Owen Tippet              0  0  0   0  2   2  2  1  1  0  0/0    12:12   0:12   0:00 
Ryan Culkin              0  0  0  -2  0   1  2  2  0  3  0/0    29:46   4:14   2:43 
Samuel Blais             2  0  2   1  0   9  3  2  2  0  2/3    23:32   3:44   1:06 
Sebastian Collberg       1  2  3   1  0   2  0  0  1  1  2/3    22:33   3:46   0:00 
Steven Santini           0  0  0  -2  0   2  0  5  0  0  0/0    30:32   4:19   2:43 
Will Borgen              0  0  0   0  0   1  0  1  0  1  0/0    10:51   0:00   0:00 

Players Stats for Bears

Player Name              G  A  P  +/- PIM S  H  SB GA TA FO     MP     PP MP  PK MP  
------------------------------------------------------------------------------------
A.J. Jenks               0  1  1   1  6   2  1  0  1  1  2/2    15:35   1:45   0:00 
Adam Lowry               0  0  0   0  0   1  2  1  0  0  1/7    10:49   0:00   1:22 
Austin Wuthrich          0  0  0  -1  0   2  2  1  0  1  0/1    11:13   0:00   0:00 
Christian Dvorak         1  1  2   1  0   3  0  0  1  0  5/10   13:44   0:00   0:00 
Cole Smith               0  0  0  -1  0   1  1  1  1  1  0/0    11:30   0:00   0:00 
Emil Johansson           0  0  0   0  0   0  0  2  0  0  0/0    11:40   0:00   0:00 
Gianluca Curcuruto       0  1  1   0  0   0  0  2  0  0  0/0    22:58   2:00   2:54 
Jacob Bryson             0  0  0   0  0   2  0  0  0  1  0/0    12:46   1:58   0:00 
Joshua Leivo             1  1  2   1  0   4  0  0  1  0  0/0    17:30   1:45   2:18 
Kerby Rychel             1  2  3   1  0   4  1  0  0  1  0/0    23:45   2:13   3:52 
Logan O'Connor           0  0  0   0  0   3  2  1  1  0  0/0     9:07   0:00   0:00 
Michael Prapavessis      0  0  0   0  0   0  2  2  0  0  0/0    22:38   2:00   4:34 
Mikko Vainonen           0  0  0   1  0   2  0  3  0  0  0/0    24:40   0:00   2:54 
Nicolas Aube-Kubel       1  0  1   1  0   2  4  2  2  0  2/5    21:58   2:13   2:18 
Nikolay Prokhorkin       0  0  0   0  0   0  1  1  0  1  0/0    11:03   0:00   1:18 
Sam Carrick              0  1  1   1  0   5  2  0  0  0  14/38  23:37   2:13   3:48 
Tommy Vannelli           0  0  0   1  0   1  1  3  0  1  0/0    30:18   1:58   4:34 
Vincent Dunn             0  0  0  -1  0   2  0  0  1  0  6/10   12:39   1:45   0:00 

3 Stars

1 - Samuel Blais (Har)
2 - Kerby Rychel (Her)
3 - Sebastian Collberg (Har)

Power Play

Wolfpack - 1 on 4 Attempt(s) - 25.00%
Bears - 0 on 2 Attempt(s) - 0.00%

Penalty Kill

Wolfpack - 2 on 2 Attempt(s) - 100.00% - Score 0 goal in Penalty Kill
Bears - 3 on 4 Attempt(s) - 75.00% - Score 0 goal in Penalty Kill

Team Stat

Wolfpack - Hits : 27 - Faceoff Wins : 43 - Blocked Shots : 18 - Penalty Minutes : 4
Bears - Hits : 19 - Faceoff Wins : 30 - Blocked Shots : 19 - Penalty Minutes : 8

Official

Referees : Graham Skilliter and Marc Joannette
Linesman : Kyle Flemington and David Brisebois

Game Notes

12:19 of 2nd period - Bears goal is going for a video replay. After video review, Goal.

Finance

Level 1 -- Attendance: 1746 (87.30%) -- Ticket Income $122,220
Level 2 -- Attendance: 960 (96.00%) -- Ticket Income $38,400
Total Attendance: 2706 (90.20%)
Total Ticket Income: $160,620
Other Income: $8,031
Total Income: $168,651

Wolfpack

5 vs 5 Forward 
   Center                   Left Wing                Right Wing               Time % Phy DF OF 
 1 Casey Mittelstadt        Samuel Blais             Sebastian Collberg       40     1   2  2  
 2 Nolan Patrick            David Pope               Connor Chatam            30     1   2  2  
 3 Alex Barre-Boulet        Alexander Barabanov      Owen Tippet              20     1   2  2  
 4 Jake Marchment           Dryden Hunt              Linus Sandin             10     1   2  2  

5 vs 5 Defense 
   Defense                  Defense                                           Time % Phy DF OF 
 1 Steven Santini           Ryan Culkin                                       40     1   2  2  
 2 Colton White             K'Andre Miller                                    30     1   2  2  
 3 Joshua Jacobs            Will Borgen                                       20     1   2  2  
 4 Steven Santini           Ryan Culkin                                       10     1   2  2  

PowerPlay Forward 
   Center                   Left Wing                Right Wing               Time % Phy DF OF 
 1 Casey Mittelstadt        Samuel Blais             Sebastian Collberg       60     1   2  2  
 2 Nolan Patrick            David Pope               Connor Chatam            40     1   2  2  

PowerPlay Defense
   Defense                  Defense                                           Time % Phy DF OF 
 1 Steven Santini           Ryan Culkin                                       60     1   2  2  
 2 Colton White             K'Andre Miller                                    40     1   2  2  

Penalty Kill 4 Players Forward 
   Center                   Wing                     Time % Phy DF OF 
 1 Casey Mittelstadt        David Pope               60     1   2  2  
 2 Nolan Patrick            Samuel Blais             40     1   2  2  

Penalty Kill 4 Players Defense
   Defense                  Defense                  Time % Phy DF OF 
 1 Steven Santini           Ryan Culkin              60     1   2  2  
 2 Colton White             K'Andre Miller           40     1   2  2  

Penalty Kill - 3 Players Forward 
   Forward                                           Time % Phy DF OF 
 1 Casey Mittelstadt                                 60     1   2  2  
 2 Nolan Patrick                                     40     1   2  2  

Penalty Kill - 3 Players Defense
   Defense                  Defense                  Time % Phy DF OF 
 1 Steven Santini           Ryan Culkin              60     1   2  2  
 2 Colton White             K'Andre Miller           40     1   2  2  

4 vs 4 Forward 
   Center                   Wing                     Time % Phy DF OF 
 1 Casey Mittelstadt        Samuel Blais             60     1   2  2  
 2 Nolan Patrick            Dryden Hunt              40     1   2  2  

4 vs 4 Defense
   Defense                  Defense                  Time % Phy DF OF 
 1 Steven Santini           Ryan Culkin              60     1   2  2  
 2 Colton White             K'Andre Miller           40     1   2  2  

Last Minutes Offensive
   Center                   Left Wing                Right Wing               Defense                  Defense                  
   Casey Mittelstadt        David Pope               Sebastian Collberg       Steven Santini           Ryan Culkin              

Last Minutes Defensive
   Center                   Left Wing                Right Wing               Defense                  Defense                  
   Casey Mittelstadt        David Pope               Sebastian Collberg       Steven Santini           Ryan Culkin              

Goaltenders
Starting : Ivan Fedotov             
Backup : Mike Condon              

Extra Forwards
Normal : Casey Mittelstadt, Alexander Barabanov, Dryden Hunt - PP : Casey Mittelstadt, Alexander Barabanov - PK : Casey Mittelstadt
Extra Defensemen
Normal : K'Andre Miller, Joshua Jacobs, Will Borgen - PP : K'Andre Miller - PK : K'Andre Miller, Joshua Jacobs
Penalty Shots
David Pope, Samuel Blais, Sebastian Collberg, Connor Chatam, Casey Mittelstadt
Custom OT Lines Forwards
David Pope, Samuel Blais, Sebastian Collberg, Connor Chatam, Casey Mittelstadt, Alexander Barabanov, Dryden Hunt, Nolan Patrick, Owen Tippet, Alex Barre-Boulet
Custom OT Lines Defensemen
Steven Santini, Ryan Culkin, Colton White, K'Andre Miller, Joshua Jacobs

Scratches
Ryan Poehling (Healthy), Mason Shaw (Healthy), Samuel Houde (Healthy), Joel Kiviranta (Healthy), Dylan Samberg (Healthy)
Cale Fleury (Broken Left Thumb Injury), Mikhail Vorobyev (Healthy), Andrew Peeke (Healthy), Dante Fabbro (Healthy), Jeffrey Viel (Healthy)
Yegor Korshkov (Healthy), Alexander Volkov (Healthy), Jack Drury (Healthy), Jakub Lauko (Healthy), Martin Kaut (Healthy)
Mathias Laferriere (Healthy), Samuel Ersson (Healthy), Jake Paterson (Healthy)

Bears

5 vs 5 Forward 
   Center                   Left Wing                Right Wing               Time % Phy DF OF 
 1 Sam Carrick              Kerby Rychel             Nicolas Aube-Kubel       35     0   0  5  
 2 Christian Dvorak         A.J. Jenks               Joshua Leivo             30     0   0  5  
 3 Vincent Dunn             Cole Smith               Austin Wuthrich          20     0   1  4  
 4 Adam Lowry               Nikolay Prokhorkin       Logan O'Connor           15     0   2  3  

5 vs 5 Defense 
   Defense                  Defense                                           Time % Phy DF OF 
 1 Mikko Vainonen           Tommy Vannelli                                    40     0   2  3  
 2 Michael Prapavessis      Gianluca Curcuruto                                30     0   3  2  
 3 Jacob Bryson             Emil Johansson                                    20     0   3  2  
 4 Tommy Vannelli           Gianluca Curcuruto                                10     0   3  2  

PowerPlay Forward 
   Center                   Left Wing                Right Wing               Time % Phy DF OF 
 1 Sam Carrick              Kerby Rychel             Nicolas Aube-Kubel       60     0   0  5  
 2 Vincent Dunn             A.J. Jenks               Joshua Leivo             40     0   0  5  

PowerPlay Defense
   Defense                  Defense                                           Time % Phy DF OF 
 1 Jacob Bryson             Tommy Vannelli                                    60     0   2  3  
 2 Michael Prapavessis      Gianluca Curcuruto                                40     0   2  3  

Penalty Kill 4 Players Forward 
   Center                   Wing                     Time % Phy DF OF 
 1 Sam Carrick              Kerby Rychel             60     0   4  1  
 2 Nicolas Aube-Kubel       Joshua Leivo             40     0   4  1  

Penalty Kill 4 Players Defense
   Defense                  Defense                  Time % Phy DF OF 
 1 Michael Prapavessis      Tommy Vannelli           60     0   4  1  
 2 Mikko Vainonen           Gianluca Curcuruto       40     0   4  1  

Penalty Kill - 3 Players Forward 
   Forward                                           Time % Phy DF OF 
 1 Sam Carrick                                       60     0   5  0  
 2 Nicolas Aube-Kubel                                40     0   5  0  

Penalty Kill - 3 Players Defense
   Defense                  Defense                  Time % Phy DF OF 
 1 Tommy Vannelli           Michael Prapavessis      60     0   5  0  
 2 Gianluca Curcuruto       Mikko Vainonen           40     0   5  0  

4 vs 4 Forward 
   Center                   Wing                     Time % Phy DF OF 
 1 Sam Carrick              Kerby Rychel             60     0   0  5  
 2 Vincent Dunn             Nicolas Aube-Kubel       40     0   0  5  

4 vs 4 Defense
   Defense                  Defense                  Time % Phy DF OF 
 1 Michael Prapavessis      Tommy Vannelli           60     0   2  3  
 2 Emil Johansson           Gianluca Curcuruto       40     0   3  2  

Last Minutes Offensive
   Center                   Left Wing                Right Wing               Defense                  Defense                  
   Sam Carrick              Kerby Rychel             Nicolas Aube-Kubel       Jacob Bryson             Tommy Vannelli           

Last Minutes Defensive
   Center                   Left Wing                Right Wing               Defense                  Defense                  
   Sam Carrick              Kerby Rychel             Nicolas Aube-Kubel       Michael Prapavessis      Tommy Vannelli           

Goaltenders
Starting : Jake Allen               
Backup : Artyom Zagidulin         

Extra Forwards
Normal : Kerby Rychel, Nicolas Aube-Kubel, Sam Carrick - PP : Kerby Rychel, Nicolas Aube-Kubel - PK : Sam Carrick
Extra Defensemen
Normal : Tommy Vannelli, Mikko Vainonen, Gianluca Curcuruto - PP : Tommy Vannelli - PK : Tommy Vannelli, Michael Prapavessis
Penalty Shots
Joshua Leivo, Nicolas Aube-Kubel, Kerby Rychel, A.J. Jenks, Christian Dvorak
Custom OT Lines Forwards
Kerby Rychel, Nicolas Aube-Kubel, Sam Carrick, Christian Dvorak, A.J. Jenks, Joshua Leivo, Nikolay Prokhorkin, Cole Smith, Logan O'Connor, Austin Wuthrich
Custom OT Lines Defensemen
Tommy Vannelli, Mikko Vainonen, Michael Prapavessis, Gianluca Curcuruto, Emil Johansson

Scratches
Blake Speers (Healthy), Colby Cave (Healthy), Jesper Pettersson (Healthy), David Farrance (Healthy), Mackenze Stewart (Healthy)
Zack Hayes (Healthy), Mario Ferraro (Healthy), Will Reilly (Healthy), Kristians Rubins (Healthy), Ryan Graves (Healthy)
Isaac Ratcliffe (Healthy), Nicholas Caamano (Healthy), Jakob Stenqvist (Healthy), Arvid Henrikson (Healthy), Kirill Maksimov (Healthy)

% Time on Ice - Wolfpack

Lines # - Real PCT - Wanted PCT - Time Play
Normal Forward
1 - 36% - 40% - 17:34
2 - 26% - 30% - 12:51
3 - 25% - 20% - 12:01
4 - 13% - 10% - 6:08
Normal Defense
1 - 40% - 40% - 19:37
2 - 34% - 30% - 16:26
3 - 22% - 20% - 10:51
4 - 3% - 10% - 1:40
PP Forward
1 - 54% - 60% - 4:04
2 - 46% - 40% - 3:24
PP Defense
1 - 66% - 60% - 4:56
2 - 34% - 40% - 2:32
PK Forward
1 - 84% - 60% - 3:21
2 - 16% - 40% - 0:37
PK Defense
1 - 68% - 60% - 2:43
2 - 32% - 40% - 1:15
PK3 Forward
1 - 0% - 60%
2 - 0% - 40%
PK3 Defense
1 - 0% - 60%
2 - 0% - 40%
44 Forward
1 - 0% - 60%
2 - 0% - 40%
44 Defense
1 - 0% - 60%
2 - 0% - 40%
Last Minute Offensive  - 0:00
Last Minute Defensive  - 0:00
Total
Forward - 60:00
Defense - 60:00

% Time on Ice - Bears

Lines # - Real PCT - Wanted PCT - Time Play
Normal Forward
1 - 33% - 35% - 16:11
2 - 25% - 30% - 12:11
3 - 23% - 20% - 11:05
4 - 19% - 15% - 9:07
Normal Defense
1 - 42% - 40% - 20:33
2 - 31% - 30% - 14:52
3 - 21% - 20% - 10:26
4 - 6% - 10% - 2:43
PP Forward
1 - 56% - 60% - 2:13
2 - 44% - 40% - 1:45
PP Defense
1 - 50% - 60% - 1:58
2 - 50% - 40% - 2:00
PK Forward
1 - 69% - 60% - 5:10
2 - 31% - 40% - 2:18
PK Defense
1 - 61% - 60% - 4:34
2 - 39% - 40% - 2:54
PK3 Forward
1 - 0% - 60%
2 - 0% - 40%
PK3 Defense
1 - 0% - 60%
2 - 0% - 40%
44 Forward
1 - 0% - 60%
2 - 0% - 40%
44 Defense
1 - 0% - 60%
2 - 0% - 40%
Last Minute Offensive  - 0:00
Last Minute Defensive  - 0:00
Total
Forward - 60:00
Defense - 60:00

Play-by-Play

1st period


0:01 of 1st period - Sebastian Collberg wins face-off versus Sam Carrick in neutral zone.
0:39 of 1st period - Snap shot by Joshua Leivo.
0:39 of 1st period - Stopped by Ivan Fedotov with a rebound.
0:41 of 1st period - Snap shot by Christian Dvorak.
0:41 of 1st period - Shot Misses the Net.
0:43 of 1st period - Slapshot by Joshua Leivo.
0:43 of 1st period - Goal by Joshua Leivo - Wolfpack : 0 - Bears : 1.
0:44 of 1st period - Alex Barre-Boulet wins face-off versus Vincent Dunn in neutral zone.
1:52 of 1st period - Slapshot by Kerby Rychel.
1:52 of 1st period - Shot Misses the Net.
2:15 of 1st period - Off-side.
2:16 of 1st period - Christian Dvorak wins face-off versus Alex Barre-Boulet in neutral zone.
2:42 of 1st period - Michael Prapavessis is hit by Samuel Blais.
5:11 of 1st period - Joshua Leivo is hit by Ryan Culkin and loses puck.
5:52 of 1st period - Slapshot by Kerby Rychel.
5:52 of 1st period - Stopped by Ivan Fedotov without a rebound.
5:53 of 1st period - Sam Carrick wins face-off versus Nolan Patrick in Wolfpack zone.
5:59 of 1st period - Slapshot by Will Borgen.
5:59 of 1st period - Shot Misses the Net.
6:07 of 1st period - Wrist shot by Connor Chatam.
6:07 of 1st period - Stopped by Jake Allen with a rebound.
6:09 of 1st period - Snap shot by David Pope.
6:09 of 1st period - Stopped by Jake Allen with a rebound.
6:19 of 1st period - Michael Prapavessis is hit by Samuel Blais and loses puck.
7:19 of 1st period - Minor Penalty to Dryden Hunt for Tripping.
7:20 of 1st period - David Pope wins face-off versus Sam Carrick in Wolfpack zone.
7:31 of 1st period - Snap shot by Sam Carrick.
7:31 of 1st period - Shot Misses the Net.
7:33 of 1st period - Slapshot by Kerby Rychel.
7:33 of 1st period - Stopped by Ivan Fedotov with a rebound.
7:35 of 1st period - Backhand shot by Gianluca Curcuruto.
7:35 of 1st period - Shot Misses the Net.
7:51 of 1st period - David Pope is hit by Michael Prapavessis and loses puck.
9:19 of 1st period - Penalty to Dryden Hunt is over, Dryden Hunt is back on ice.
9:27 of 1st period - Wrist shot by Linus Sandin.
9:27 of 1st period - Shot Blocked by Tommy Vannelli.
9:33 of 1st period - Linus Sandin is hit by Adam Lowry and loses puck.
10:45 of 1st period - A.J. Jenks is hit by David Pope and loses puck.
11:08 of 1st period - Nicolas Aube-Kubel is hit by Alex Barre-Boulet and loses puck.
12:03 of 1st period - Steven Santini is hit by Tommy Vannelli.
12:41 of 1st period - Snap shot by Owen Tippet.
12:41 of 1st period - Shot Misses the Net.
12:43 of 1st period - Slapshot by Steven Santini.
12:43 of 1st period - Shot Blocked by Emil Johansson.
12:45 of 1st period - Slapshot by Ryan Culkin.
12:45 of 1st period - Stopped by Jake Allen with a rebound.
12:47 of 1st period - Slapshot by Steven Santini.
12:47 of 1st period - Shot Misses the Net.
13:21 of 1st period - David Pope is hit by Logan O'Connor and loses puck.
13:42 of 1st period - Colton White is hit by Sam Carrick and loses puck.
14:04 of 1st period - Vincent Dunn is hit by Jake Marchment and loses puck.
14:32 of 1st period - Nicolas Aube-Kubel is hit by Nolan Patrick and loses puck.
14:51 of 1st period - Samuel Blais is hit by Adam Lowry.
15:08 of 1st period - Alexander Barabanov is hit by Austin Wuthrich and loses puck.
15:35 of 1st period - Snap shot by Owen Tippet.
15:35 of 1st period - Stopped by Jake Allen with a rebound.
15:37 of 1st period - Slapshot by Colton White.
15:37 of 1st period - Stopped by Jake Allen with a rebound.
15:49 of 1st period - Sam Carrick is hit by Nolan Patrick and loses puck.
16:17 of 1st period - K'Andre Miller is hit by Logan O'Connor and loses puck.
16:26 of 1st period - Icing by Gianluca Curcuruto.
16:27 of 1st period - Nolan Patrick wins face-off versus Adam Lowry in Bears zone.
16:38 of 1st period - Snap shot by Nikolay Prokhorkin.
16:38 of 1st period - Shot Blocked by Joshua Jacobs.
16:57 of 1st period - Icing by Casey Mittelstadt.
16:58 of 1st period - Casey Mittelstadt wins face-off versus Sam Carrick in Wolfpack zone.
17:09 of 1st period - Wrist shot by Samuel Blais.
17:09 of 1st period - Stopped by Jake Allen without a rebound.
17:10 of 1st period - Sam Carrick wins face-off versus Casey Mittelstadt in Bears zone.
17:10 of 1st period - Sam Carrick is hit by Casey Mittelstadt.
17:20 of 1st period - Snap shot by Sam Carrick.
17:20 of 1st period - Stopped by Ivan Fedotov with a rebound.
17:36 of 1st period - Mikko Vainonen is hit by David Pope and loses puck.
18:21 of 1st period - Slapshot by Sam Carrick.
18:21 of 1st period - Stopped by Ivan Fedotov without a rebound.
18:22 of 1st period - Jake Marchment wins face-off versus Sam Carrick in Wolfpack zone.
18:22 of 1st period - Jake Marchment is hit by Kerby Rychel.
18:27 of 1st period - Colton White is hit by Nicolas Aube-Kubel and loses puck.
18:40 of 1st period - Snap shot by Nicolas Aube-Kubel.
18:40 of 1st period - Shot Misses the Net.
18:57 of 1st period - Slapshot by Dryden Hunt.
18:57 of 1st period - Stopped by Jake Allen without a rebound.
18:58 of 1st period - Casey Mittelstadt wins face-off versus Christian Dvorak in Bears zone.
19:37 of 1st period - Snap shot by Cole Smith.
19:37 of 1st period - Stopped by Ivan Fedotov without a rebound.
19:38 of 1st period - Sam Carrick wins face-off versus Casey Mittelstadt in Wolfpack zone.
Goals for this period are 0 for Wolfpack vs 1 for Bears.
Shots for this period are 7 for Wolfpack vs 7 for Bears.

2nd period


0:01 of 2nd period - Christian Dvorak wins face-off versus Casey Mittelstadt in neutral zone.
0:01 of 2nd period - Christian Dvorak is hit by Ryan Culkin.
0:09 of 2nd period - Wrist shot by Joshua Leivo.
0:09 of 2nd period - Shot Misses the Net.
0:11 of 2nd period - Snap shot by A.J. Jenks.
0:11 of 2nd period - Stopped by Ivan Fedotov without a rebound.
0:12 of 2nd period - Casey Mittelstadt wins face-off versus Nicolas Aube-Kubel in Wolfpack zone.
0:46 of 2nd period - Slapshot by Mikko Vainonen.
0:46 of 2nd period - Stopped by Ivan Fedotov with a rebound.
1:17 of 2nd period - Backhand shot by Vincent Dunn.
1:17 of 2nd period - Shot Misses the Net.
1:19 of 2nd period - Slapshot by Nikolay Prokhorkin.
1:19 of 2nd period - Shot Blocked by Steven Santini.
1:21 of 2nd period - Wrist shot by Nikolay Prokhorkin.
1:21 of 2nd period - Deflect By Dryden Hunt.
1:21 of 2nd period - Shot Misses the Net.
1:21 of 2nd period - Puck is out of play.
1:22 of 2nd period - Adam Lowry wins face-off versus Casey Mittelstadt in Wolfpack zone.
2:19 of 2nd period - Alexander Barabanov is hit by A.J. Jenks and loses puck.
2:24 of 2nd period - Snap shot by A.J. Jenks.
2:24 of 2nd period - Deflect By Colton White.
2:24 of 2nd period - Shot Misses the Net.
2:24 of 2nd period - Puck is out of play.
2:25 of 2nd period - Vincent Dunn wins face-off versus Casey Mittelstadt in Wolfpack zone.
2:34 of 2nd period - Snap shot by Samuel Blais.
2:34 of 2nd period - Shot Blocked by Michael Prapavessis.
2:36 of 2nd period - Snap shot by Samuel Blais.
2:36 of 2nd period - Goal by Samuel Blais - Wolfpack : 1 - Bears : 1.
2:37 of 2nd period - Sam Carrick wins face-off versus Casey Mittelstadt in neutral zone.
2:39 of 2nd period - Off-side.
2:40 of 2nd period - Sam Carrick wins face-off versus Casey Mittelstadt in neutral zone.
3:11 of 2nd period - Snap shot by Nolan Patrick.
3:11 of 2nd period - Shot Misses the Net.
3:37 of 2nd period - Gianluca Curcuruto is hit by Owen Tippet and loses puck.
4:12 of 2nd period - Wrist shot by Christian Dvorak.
4:12 of 2nd period - Stopped by Ivan Fedotov without a rebound.
4:13 of 2nd period - Christian Dvorak wins face-off versus Casey Mittelstadt in Wolfpack zone.
4:16 of 2nd period - Wrist shot by A.J. Jenks.
4:16 of 2nd period - Shot Blocked by Samuel Blais.
4:57 of 2nd period - Off-side.
4:58 of 2nd period - Alex Barre-Boulet wins face-off versus Vincent Dunn in neutral zone.
5:01 of 2nd period - Cole Smith is hit by Joshua Jacobs and loses puck.
5:08 of 2nd period - Wrist shot by Owen Tippet.
5:08 of 2nd period - Deflect By Alex Barre-Boulet.
5:08 of 2nd period - Deflect By Austin Wuthrich.
5:08 of 2nd period - Shot Blocked by Tommy Vannelli.
5:08 of 2nd period - Puck is out of play.
5:09 of 2nd period - Casey Mittelstadt wins face-off versus Sam Carrick in Bears zone.
5:10 of 2nd period - Snap shot by Sebastian Collberg.
5:10 of 2nd period - Shot Blocked by Nicolas Aube-Kubel.
5:12 of 2nd period - Wrist shot by Sebastian Collberg.
5:12 of 2nd period - Goal by Sebastian Collberg - Wolfpack : 2 - Bears : 1.
5:13 of 2nd period - Christian Dvorak wins face-off versus Casey Mittelstadt in neutral zone.
5:34 of 2nd period - Minor Penalty to A.J. Jenks for Cross-checking.
5:35 of 2nd period - Casey Mittelstadt wins face-off versus Sam Carrick in Bears zone.
6:04 of 2nd period - Tommy Vannelli is hit by Nolan Patrick and loses puck.
7:34 of 2nd period - Penalty to A.J. Jenks is over, A.J. Jenks is back on ice.
7:39 of 2nd period - Austin Wuthrich is hit by Colton White.
8:46 of 2nd period - Backhand shot by Vincent Dunn.
8:46 of 2nd period - Stopped by Ivan Fedotov without a rebound.
8:47 of 2nd period - Vincent Dunn wins face-off versus Nolan Patrick in Wolfpack zone.
8:48 of 2nd period - Snap shot by Austin Wuthrich.
8:48 of 2nd period - Shot Misses the Net.
8:50 of 2nd period - Slapshot by Tommy Vannelli.
8:50 of 2nd period - Shot Blocked by Steven Santini.
8:58 of 2nd period - Snap shot by Austin Wuthrich.
8:58 of 2nd period - Shot Misses the Net.
9:00 of 2nd period - Wrist shot by Cole Smith.
9:00 of 2nd period - Shot Blocked by Ryan Culkin.
9:18 of 2nd period - Off-side.
9:19 of 2nd period - Casey Mittelstadt wins face-off versus Sam Carrick in neutral zone.
9:22 of 2nd period - Wrist shot by Casey Mittelstadt.
9:22 of 2nd period - Shot Misses the Net.
9:24 of 2nd period - Wrist shot by K'Andre Miller.
9:24 of 2nd period - Shot Blocked by Nicolas Aube-Kubel.
9:26 of 2nd period - Wrist shot by Samuel Blais.
9:26 of 2nd period - Stopped by Jake Allen without a rebound.
9:27 of 2nd period - Sam Carrick wins face-off versus Casey Mittelstadt in Bears zone.
9:32 of 2nd period - Wrist shot by Sebastian Collberg.
9:32 of 2nd period - Shot Misses the Net.
9:36 of 2nd period - Snap shot by Samuel Blais.
9:36 of 2nd period - Stopped by Jake Allen without a rebound.
9:37 of 2nd period - Sam Carrick wins face-off versus Casey Mittelstadt in Bears zone.
10:35 of 2nd period - Backhand shot by David Pope.
10:35 of 2nd period - Stopped by Jake Allen with a rebound.
10:37 of 2nd period - Slapshot by Steven Santini.
10:37 of 2nd period - Stopped by Jake Allen with a rebound.
10:51 of 2nd period - Slapshot by Linus Sandin.
10:51 of 2nd period - Goal by Linus Sandin - Wolfpack : 3 - Bears : 1.
10:52 of 2nd period - Nolan Patrick wins face-off versus Sam Carrick in neutral zone.
11:01 of 2nd period - Off-side.
11:02 of 2nd period - Nolan Patrick wins face-off versus Sam Carrick in neutral zone.
11:17 of 2nd period - Wrist shot by Kerby Rychel.
11:17 of 2nd period - Shot Blocked by K'Andre Miller.
11:19 of 2nd period - Snap shot by Nicolas Aube-Kubel.
11:19 of 2nd period - Goal by Nicolas Aube-Kubel - Wolfpack : 3 - Bears : 2.
11:20 of 2nd period - Casey Mittelstadt wins face-off versus Sam Carrick in neutral zone.
11:28 of 2nd period - Off-side.
11:29 of 2nd period - Casey Mittelstadt wins face-off versus Sam Carrick in neutral zone.
11:35 of 2nd period - Off-side.
11:36 of 2nd period - Christian Dvorak wins face-off versus Casey Mittelstadt in neutral zone.
11:43 of 2nd period - Wrist shot by A.J. Jenks.
11:43 of 2nd period - Shot Blocked by Ryan Culkin.
11:45 of 2nd period - Snap shot by A.J. Jenks.
11:45 of 2nd period - Stopped by Ivan Fedotov with a rebound.
11:47 of 2nd period - Snap shot by Michael Prapavessis.
11:47 of 2nd period - Shot Blocked by Casey Mittelstadt.
11:49 of 2nd period - Slapshot by Joshua Leivo.
11:49 of 2nd period - Deflect By Christian Dvorak.
11:49 of 2nd period - Shot Misses the Net.
11:49 of 2nd period - Puck is out of play.
11:50 of 2nd period - David Pope wins face-off versus Sam Carrick in Wolfpack zone.
12:03 of 2nd period - Wrist shot by Kerby Rychel.
12:03 of 2nd period - Shot Blocked by Steven Santini.
12:05 of 2nd period - Snap shot by Kerby Rychel.
12:05 of 2nd period - Stopped by Ivan Fedotov without a rebound.
12:06 of 2nd period - A.J. Jenks wins face-off versus Casey Mittelstadt in Wolfpack zone.
12:15 of 2nd period - Snap shot by A.J. Jenks.
12:15 of 2nd period - Shot Blocked by Steven Santini.
12:17 of 2nd period - Wrist shot by Christian Dvorak.
12:17 of 2nd period - Shot Misses the Net.
12:19 of 2nd period - Snap shot by Christian Dvorak.
12:19 of 2nd period - Bears goal is going for a video replay.
12:19 of 2nd period - The goal is good.
12:19 of 2nd period - Goal by Christian Dvorak - Wolfpack : 3 - Bears : 3.
12:20 of 2nd period - Nicolas Aube-Kubel wins face-off versus Casey Mittelstadt in neutral zone.
12:46 of 2nd period - Tommy Vannelli is hit by Nolan Patrick.
13:08 of 2nd period - Icing by Colton White.
13:09 of 2nd period - Vincent Dunn wins face-off versus Alex Barre-Boulet in Wolfpack zone.
13:24 of 2nd period - Vincent Dunn is hit by Alex Barre-Boulet.
13:40 of 2nd period - Colton White is hit by Austin Wuthrich and loses puck.
13:51 of 2nd period - Wrist shot by Alexander Barabanov.
13:51 of 2nd period - Shot Misses the Net.
13:53 of 2nd period - Snap shot by Alex Barre-Boulet.
13:53 of 2nd period - Shot Blocked by Gianluca Curcuruto.
13:55 of 2nd period - Slapshot by K'Andre Miller.
13:55 of 2nd period - Shot Blocked by Austin Wuthrich.
13:57 of 2nd period - Wrist shot by Colton White.
13:57 of 2nd period - Stopped by Jake Allen with a rebound.
13:59 of 2nd period - Slapshot by Colton White.
13:59 of 2nd period - Deflect By Alex Barre-Boulet.
13:59 of 2nd period - Stopped by Jake Allen without a rebound.
14:00 of 2nd period - Casey Mittelstadt wins face-off versus Sam Carrick in Bears zone.
14:29 of 2nd period - Wrist shot by David Pope.
14:29 of 2nd period - Shot Blocked by Tommy Vannelli.
14:31 of 2nd period - Slapshot by Joshua Jacobs.
14:31 of 2nd period - Stopped by Jake Allen with a rebound.
14:33 of 2nd period - Slapshot by Will Borgen.
14:33 of 2nd period - Stopped by Jake Allen without a rebound.
14:34 of 2nd period - Casey Mittelstadt wins face-off versus Christian Dvorak in Bears zone.
14:44 of 2nd period - Double Minor Penalty to A.J. Jenks for Roughing.
14:45 of 2nd period - Sam Carrick wins face-off versus Casey Mittelstadt in Bears zone.
15:05 of 2nd period - Tommy Vannelli is hit by Casey Mittelstadt and loses puck.
15:53 of 2nd period - Gianluca Curcuruto is hit by Connor Chatam and loses puck.
16:24 of 2nd period - Nolan Patrick is hit by Nicolas Aube-Kubel and loses puck.
17:07 of 2nd period - Gianluca Curcuruto is hit by Alexander Barabanov and loses puck.
17:12 of 2nd period - Snap shot by Dryden Hunt.
17:12 of 2nd period - Stopped by Jake Allen without a rebound.
17:13 of 2nd period - Casey Mittelstadt wins face-off versus Sam Carrick in Bears zone.
18:11 of 2nd period - Nolan Patrick is hit by Michael Prapavessis.
18:12 of 2nd period - Icing by Nolan Patrick.
18:13 of 2nd period - Nicolas Aube-Kubel wins face-off versus Nolan Patrick in Wolfpack zone.
18:14 of 2nd period - Snap shot by Joshua Leivo.
18:14 of 2nd period - Stopped by Ivan Fedotov without a rebound.
18:15 of 2nd period - Nolan Patrick wins face-off versus Nicolas Aube-Kubel in Wolfpack zone.
18:44 of 2nd period - Penalty to A.J. Jenks is over, A.J. Jenks is back on ice.
18:57 of 2nd period - Minor Penalty to Owen Tippet for Slashing.
18:58 of 2nd period - Sam Carrick wins face-off versus Casey Mittelstadt in Wolfpack zone.
19:08 of 2nd period - Wrist shot by Kerby Rychel.
19:08 of 2nd period - Shot Misses the Net.
19:54 of 2nd period - Icing by Jacob Bryson.
19:55 of 2nd period - Nolan Patrick wins face-off versus Vincent Dunn in Bears zone.
19:58 of 2nd period - Wrist shot by Samuel Blais.
19:58 of 2nd period - Deflect By Joshua Leivo.
19:58 of 2nd period - Shot Misses the Net.
19:58 of 2nd period - Puck is out of play.
19:59 of 2nd period - A.J. Jenks wins face-off versus Casey Mittelstadt in Bears zone.
19:59 of 2nd period - A.J. Jenks is hit by Casey Mittelstadt.
Goals for this period are 3 for Wolfpack vs 2 for Bears.
Shots for this period are 12 for Wolfpack vs 9 for Bears.

3rd period


0:01 of 3rd period - Casey Mittelstadt wins face-off versus Sam Carrick in neutral zone.
0:33 of 3rd period - Wrist shot by Vincent Dunn.
0:33 of 3rd period - Shot Misses the Net.
0:35 of 3rd period - Snap shot by Joshua Leivo.
0:35 of 3rd period - Stopped by Ivan Fedotov with a rebound.
0:57 of 3rd period - Penalty to Owen Tippet is over, Owen Tippet is back on ice.
1:28 of 3rd period - Slapshot by Austin Wuthrich.
1:28 of 3rd period - Stopped by Ivan Fedotov with a rebound.
2:23 of 3rd period - Icing by Jacob Bryson.
2:24 of 3rd period - Nolan Patrick wins face-off versus Adam Lowry in Bears zone.
2:49 of 3rd period - Snap shot by David Pope.
2:49 of 3rd period - Shot Misses the Net.
2:55 of 3rd period - Snap shot by Emil Johansson.
2:55 of 3rd period - Shot Blocked by Nolan Patrick.
2:57 of 3rd period - Snap shot by Jacob Bryson.
2:57 of 3rd period - Stopped by Ivan Fedotov with a rebound.
2:59 of 3rd period - Snap shot by Jacob Bryson.
2:59 of 3rd period - Stopped by Ivan Fedotov with a rebound.
3:05 of 3rd period - Snap shot by Logan O'Connor.
3:05 of 3rd period - Deflect By Connor Chatam.
3:05 of 3rd period - Stopped by Ivan Fedotov with a rebound.
3:07 of 3rd period - Backhand shot by Adam Lowry.
3:07 of 3rd period - Stopped by Ivan Fedotov without a rebound.
3:08 of 3rd period - Casey Mittelstadt wins face-off versus Sam Carrick in Wolfpack zone.
3:17 of 3rd period - Snap shot by Samuel Blais.
3:17 of 3rd period - Shot Blocked by Mikko Vainonen.
3:19 of 3rd period - Slapshot by Steven Santini.
3:19 of 3rd period - Shot Blocked by Mikko Vainonen.
3:38 of 3rd period - Slapshot by Nicolas Aube-Kubel.
3:38 of 3rd period - Stopped by Ivan Fedotov with a rebound.
4:02 of 3rd period - Snap shot by A.J. Jenks.
4:02 of 3rd period - Shot Misses the Net.
4:04 of 3rd period - Slapshot by Christian Dvorak.
4:04 of 3rd period - Stopped by Ivan Fedotov with a rebound.
4:06 of 3rd period - Slapshot by Tommy Vannelli.
4:06 of 3rd period - Stopped by Ivan Fedotov without a rebound.
4:07 of 3rd period - Casey Mittelstadt wins face-off versus Christian Dvorak in Wolfpack zone.
4:12 of 3rd period - Michael Prapavessis is hit by Casey Mittelstadt and loses puck.
4:17 of 3rd period - Wrist shot by Samuel Blais.
4:17 of 3rd period - Stopped by Jake Allen with a rebound.
4:19 of 3rd period - Slapshot by K'Andre Miller.
4:19 of 3rd period - Stopped by Jake Allen with a rebound.
4:33 of 3rd period - Nolan Patrick is hit by Cole Smith and loses puck.
4:42 of 3rd period - Slapshot by Vincent Dunn.
4:42 of 3rd period - Deflect By Austin Wuthrich.
4:42 of 3rd period - Shot Blocked by Nolan Patrick.
4:42 of 3rd period - Puck is out of play.
4:43 of 3rd period - Casey Mittelstadt wins face-off versus Sam Carrick in Wolfpack zone.
5:33 of 3rd period - Snap shot by Owen Tippet.
5:33 of 3rd period - Shot Blocked by Emil Johansson.
5:39 of 3rd period - Wrist shot by Alexander Barabanov.
5:39 of 3rd period - Shot Misses the Net.
6:13 of 3rd period - Snap shot by Adam Lowry.
6:13 of 3rd period - Shot Blocked by Owen Tippet.
6:15 of 3rd period - Snap shot by Gianluca Curcuruto.
6:15 of 3rd period - Deflect By Logan O'Connor.
6:15 of 3rd period - Stopped by Ivan Fedotov without a rebound.
6:16 of 3rd period - Casey Mittelstadt wins face-off versus Adam Lowry in Wolfpack zone.
6:45 of 3rd period - Snap shot by Sam Carrick.
6:45 of 3rd period - Shot Misses the Net.
6:47 of 3rd period - Slapshot by Gianluca Curcuruto.
6:47 of 3rd period - Shot Blocked by Steven Santini.
6:49 of 3rd period - Wrist shot by Gianluca Curcuruto.
6:49 of 3rd period - Shot Blocked by Connor Chatam.
6:51 of 3rd period - Wrist shot by Kerby Rychel.
6:51 of 3rd period - Goal by Kerby Rychel - Wolfpack : 3 - Bears : 4.
6:52 of 3rd period - Sam Carrick wins face-off versus Casey Mittelstadt in neutral zone.
6:59 of 3rd period - Off-side.
7:00 of 3rd period - Casey Mittelstadt wins face-off versus Sam Carrick in neutral zone.
7:56 of 3rd period - Wrist shot by Austin Wuthrich.
7:56 of 3rd period - Shot Misses the Net.
8:08 of 3rd period - Icing by Michael Prapavessis.
8:09 of 3rd period - Sebastian Collberg wins face-off versus Adam Lowry in Bears zone.
8:10 of 3rd period - Backhand shot by Casey Mittelstadt.
8:10 of 3rd period - Stopped by Jake Allen without a rebound.
8:10 of 3rd period - Minor Penalty to Jake Allen for Slashing.
8:11 of 3rd period - Sam Carrick wins face-off versus Casey Mittelstadt in Bears zone.
8:22 of 3rd period - Wrist shot by Kerby Rychel.
8:22 of 3rd period - Deflect By Sam Carrick.
8:22 of 3rd period - Stopped by Ivan Fedotov without a rebound.
8:23 of 3rd period - Samuel Blais wins face-off versus Sam Carrick in Wolfpack zone.
8:48 of 3rd period - Sam Carrick is hit by Connor Chatam and loses puck.
8:58 of 3rd period - Slapshot by Colton White.
8:58 of 3rd period - Shot Blocked by Michael Prapavessis.
9:14 of 3rd period - Slapshot by Mikko Vainonen.
9:14 of 3rd period - Stopped by Ivan Fedotov with a rebound.
9:16 of 3rd period - Slapshot by Mikko Vainonen.
9:16 of 3rd period - Shot Misses the Net.
9:18 of 3rd period - Snap shot by Gianluca Curcuruto.
9:18 of 3rd period - Deflect By Nicolas Aube-Kubel.
9:18 of 3rd period - Shot Hit the Post.
9:18 of 3rd period - Puck is out of play.
9:19 of 3rd period - Nolan Patrick wins face-off versus Sam Carrick in Wolfpack zone.
9:38 of 3rd period - Snap shot by Samuel Blais.
9:38 of 3rd period - Shot Blocked by Gianluca Curcuruto.
9:40 of 3rd period - Snap shot by Samuel Blais.
9:40 of 3rd period - Goal by Samuel Blais - Wolfpack : 4 - Bears : 4.
9:41 of 3rd period - Samuel Blais wins face-off versus Christian Dvorak in neutral zone.
9:54 of 3rd period - Christian Dvorak is hit by Samuel Blais and loses puck.
10:33 of 3rd period - Snap shot by Logan O'Connor.
10:33 of 3rd period - Stopped by Ivan Fedotov with a rebound.
10:53 of 3rd period - Adam Lowry is hit by Owen Tippet and loses puck.
10:58 of 3rd period - Snap shot by Steven Santini.
10:58 of 3rd period - Deflect By Mikko Vainonen.
10:58 of 3rd period - Stopped by Jake Allen with a rebound.
11:00 of 3rd period - Wrist shot by Owen Tippet.
11:00 of 3rd period - Stopped by Jake Allen without a rebound.
11:01 of 3rd period - Casey Mittelstadt wins face-off versus Sam Carrick in Bears zone.
11:04 of 3rd period - Slapshot by Samuel Blais.
11:04 of 3rd period - Stopped by Jake Allen without a rebound.
11:05 of 3rd period - Sam Carrick wins face-off versus Casey Mittelstadt in Bears zone.
12:02 of 3rd period - Slapshot by Colton White.
12:02 of 3rd period - Stopped by Jake Allen without a rebound.
12:03 of 3rd period - Casey Mittelstadt wins face-off versus Sam Carrick in Bears zone.
12:10 of 3rd period - Slapshot by Michael Prapavessis.
12:10 of 3rd period - Shot Misses the Net.
12:59 of 3rd period - Wrist shot by Vincent Dunn.
12:59 of 3rd period - Shot Blocked by Will Borgen.
13:06 of 3rd period - Icing by Alexander Barabanov.
13:07 of 3rd period - Jake Marchment wins face-off versus Adam Lowry in Wolfpack zone.
13:34 of 3rd period - Wrist shot by Sebastian Collberg.
13:34 of 3rd period - Stopped by Jake Allen with a rebound.
13:56 of 3rd period - Wrist shot by Nolan Patrick.
13:56 of 3rd period - Stopped by Jake Allen without a rebound.
13:57 of 3rd period - Nolan Patrick wins face-off versus Christian Dvorak in Bears zone.
14:21 of 3rd period - Icing by Samuel Blais.
14:22 of 3rd period - Sam Carrick wins face-off versus Samuel Blais in Wolfpack zone.
14:34 of 3rd period - Snap shot by Sam Carrick.
14:34 of 3rd period - Stopped by Ivan Fedotov without a rebound.
14:35 of 3rd period - Sam Carrick wins face-off versus Sebastian Collberg in Wolfpack zone.
15:02 of 3rd period - Mikko Vainonen is hit by David Pope and loses puck.
15:13 of 3rd period - Snap shot by Connor Chatam.
15:13 of 3rd period - Deflect By David Pope.
15:13 of 3rd period - Shot Misses the Net.
15:13 of 3rd period - Puck is out of play.
15:14 of 3rd period - Alex Barre-Boulet wins face-off versus Vincent Dunn in Bears zone.
15:39 of 3rd period - Samuel Blais is hit by Nicolas Aube-Kubel and loses puck.
15:50 of 3rd period - Snap shot by Samuel Blais.
15:50 of 3rd period - Shot Misses the Net.
15:59 of 3rd period - Icing by Casey Mittelstadt.
16:00 of 3rd period - Nolan Patrick wins face-off versus Adam Lowry in Wolfpack zone.
16:13 of 3rd period - Snap shot by David Pope.
16:13 of 3rd period - Shot Blocked by Mikko Vainonen.
16:15 of 3rd period - Wrist shot by David Pope.
16:15 of 3rd period - Stopped by Jake Allen without a rebound.
16:16 of 3rd period - Vincent Dunn wins face-off versus Casey Mittelstadt in Bears zone.
16:23 of 3rd period - Snap shot by Cole Smith.
16:23 of 3rd period - Shot Blocked by Samuel Blais.
17:02 of 3rd period - Slapshot by Nolan Patrick.
17:02 of 3rd period - Shot Misses the Net.
17:04 of 3rd period - Wrist shot by Nolan Patrick.
17:04 of 3rd period - Shot Blocked by Nikolay Prokhorkin.
17:33 of 3rd period - Off-side.
17:34 of 3rd period - Casey Mittelstadt wins face-off versus Austin Wuthrich in neutral zone.
17:41 of 3rd period - Slapshot by Samuel Blais.
17:41 of 3rd period - Shot Misses the Net.
17:43 of 3rd period - Snap shot by Samuel Blais.
17:43 of 3rd period - Stopped by Jake Allen with a rebound.
17:45 of 3rd period - Snap shot by Sebastian Collberg.
17:45 of 3rd period - Shot Misses the Net.
17:47 of 3rd period - Slapshot by Ryan Culkin.
17:47 of 3rd period - Shot Misses the Net.
17:49 of 3rd period - Snap shot by Samuel Blais.
17:49 of 3rd period - Shot Blocked by Cole Smith.
18:05 of 3rd period - Slapshot by Tommy Vannelli.
18:05 of 3rd period - Shot Blocked by K'Andre Miller.
18:07 of 3rd period - Wrist shot by Tommy Vannelli.
18:07 of 3rd period - Deflect By Vincent Dunn.
18:07 of 3rd period - Stopped by Ivan Fedotov without a rebound.
18:08 of 3rd period - Casey Mittelstadt wins face-off versus Sam Carrick in Wolfpack zone.
18:08 of 3rd period - Casey Mittelstadt is hit by Nicolas Aube-Kubel.
18:11 of 3rd period - Icing by Sebastian Collberg.
18:12 of 3rd period - Casey Mittelstadt wins face-off versus Sam Carrick in Wolfpack zone.
18:12 of 3rd period - Casey Mittelstadt is hit by Sam Carrick.
18:26 of 3rd period - Snap shot by Sam Carrick.
18:26 of 3rd period - Stopped by Ivan Fedotov without a rebound.
18:27 of 3rd period - Vincent Dunn wins face-off versus Alex Barre-Boulet in Wolfpack zone.
18:28 of 3rd period - Snap shot by Austin Wuthrich.
18:28 of 3rd period - Stopped by Ivan Fedotov without a rebound.
18:29 of 3rd period - Vincent Dunn wins face-off versus Alex Barre-Boulet in Wolfpack zone.
19:04 of 3rd period - Snap shot by Samuel Blais.
19:04 of 3rd period - Shot Blocked by Logan O'Connor.
19:06 of 3rd period - Wrist shot by Casey Mittelstadt.
19:06 of 3rd period - Shot Blocked by Adam Lowry.
Goals for this period are 1 for Wolfpack vs 1 for Bears.
Shots for this period are 12 for Wolfpack vs 18 for Bears.

Overtime #1


0:01 of 1st overtime period - David Pope wins face-off versus Nicolas Aube-Kubel in neutral zone.
0:16 of 1st overtime period - Slapshot by Samuel Blais.
0:16 of 1st overtime period - Stopped by Jake Allen with a rebound.
1:13 of 1st overtime period - Sam Carrick is hit by Alexander Barabanov and loses puck.
3:50 of 1st overtime period - David Pope is hit by Nikolay Prokhorkin.
Goals for this period are 0 for Wolfpack vs 0 for Bears.
Shots for this period are 1 for Wolfpack vs 0 for Bears.

ShootOut


5:00 of 1st overtime period - Round #1.
5:00 of 1st overtime period - Wolfpack, David Pope.
5:00 of 1st overtime period - Backhand shot by David Pope.
5:00 of 1st overtime period - Stopped by Jake Allen.
5:00 of 1st overtime period - Bears, Joshua Leivo.
5:00 of 1st overtime period - Deke by Joshua Leivo.
5:00 of 1st overtime period - Stopped by Ivan Fedotov.
5:00 of 1st overtime period - Round #2.
5:00 of 1st overtime period - Wolfpack, Samuel Blais.
5:00 of 1st overtime period - Snap shot by Samuel Blais.
5:00 of 1st overtime period - Shot Misses the Net.
5:00 of 1st overtime period - Bears, Nicolas Aube-Kubel.
5:00 of 1st overtime period - Wrist shot by Nicolas Aube-Kubel.
5:00 of 1st overtime period - Shot Misses the Net.
5:00 of 1st overtime period - Round #3.
5:00 of 1st overtime period - Wolfpack, Sebastian Collberg.
5:00 of 1st overtime period - Snap shot by Sebastian Collberg.
5:00 of 1st overtime period - Stopped by Jake Allen.
5:00 of 1st overtime period - Bears, Kerby Rychel.
5:00 of 1st overtime period - Backhand shot by Kerby Rychel.
5:00 of 1st overtime period - Goal by Kerby Rychel.